 Dungeon Crawl Stone Soup version 0.29-a0-334-gb41bcbb86e (webtiles) character file.

Game seed: 9533924839727378090

55 Jortsu the Skirmisher (level 3, -4/34 HPs)
             Began as a Hill Orc Fighter on Apr 14, 2022.
             Killed from afar by Sigmund (9 damage)
             ... with a puff of flame
             ... on level 2 of the Dungeon.
             The game lasted 00:01:44 (1076 turns).

Jortsu the Skirmisher (Hill Orc Fighter)            Turns: 1076, Time: 00:01:45

Health: -4/34      AC:  9    Str: 20    XL:     3   Next: 93%
Magic:  3/3        EV:  7    Int:  8    God:
Gold:   34         SH:  0    Dex: 10    Spells: 2/2 levels left

rFire   . . .      SeeInvis .   a - +0 war axe
rCold   . . .      Faith    .   c - +0 buckler
rNeg    . . .      Spirit   .   i - +0 chain mail
rPois   .          Reflect  .   (no helmet)
rElec   .          Harm     .   (no cloak)
rCorr   .          Rampage  .   (no gloves)
Will    .....                   (no boots)
Stlth   ..........              (no amulet)
HPRegen 0.11/turn               (no ring)
MPRegen 0.08/turn               (no ring)

@: confused
A: no striking features
a: no special abilities


You were on level 2 of the Dungeon.
You visited 1 branch of the dungeon, and saw 2 of its levels.

You collected 34 gold pieces.

Inventory:

Hand Weapons
 a - a +0 war axe (weapon)
Armour
 c - a +0 buckler (worn)
 i - a +0 chain mail (worn)
Scrolls
 b - a scroll of magic mapping {unknown}
 e - a scroll of teleportation {unknown}
Potions
 d - 2 potions of might
 f - a potion of attraction {unknown}


   Skills:
 + Level 4.4 Fighting
 + Level 3.5 Axes
 + Level 3.8 Armour
 + Level 3.5 Shields


You had 2 spell levels left.
You didn't know any spells.
Your spell library contained the following spells:

 Spells                   Type           Power      Damage    Failure   Level
 Magic Dart               Conj           0%         1d3       99%         1
 Call Imp                 Summ           0%         N/A       100%        2
 Mephitic Cloud           Conj/Pois/Air  0%         N/A       100%        3


Dungeon Overview and Level Annotations

Branches:
Dungeon (2/15)

Altars:

Annotations:
D:2 Sigmund


Message History

Something hits you but does no damage. The quokka bites you.
You miss the quokka.
The quokka is severely wounded.
The quokka closely misses you. You block something's attack.
You block the quokka's attack.
You hit the quokka.
You kill the quokka!
Something hits you. Something hits you but does no damage.
You miss something. Something hits you!
You barely miss something. Something hits you but does no damage.
You barely miss something. Something hits you!
* * * LOW HITPOINT WARNING * * *
Found 12 stones.
A magic dart appears from out of thin air!
The magic dart hits you.
* * * LOW HITPOINT WARNING * * *
Sigmund appears from thin air!
Reactivating autopickup.
You see here 12 stones.
Sigmund casts a spell at you. You block the puff of flame.
Found Ozocubu's Autobiography.
Sigmund gestures wildly while chanting.
Sigmund flickers and vanishes!
Deactivating autopickup; reactivate with Ctrl-A.
Found a bubbling pink potion.
A puff of flame appears from out of thin air!
The puff of flame hits you.
* * * LOW HITPOINT WARNING * * *
You are confused.
You're too confused to move!
Sigmund appears from thin air!
Reactivating autopickup.
You see here Ozocubu's Autobiography.
You bump into the rock wall.
You bump into the rock wall.
Sigmund points at you and mumbles some strange words.
The puff of flame hits you!
You die...

#..# #..#
#.!# #..#
#..# #
#..# .#
#..# .#
#@.# .#
#..#####
.#
#......#
.#
#.@#.#.#
.#
#..#.#.#
.#
#..#.#.#
.#
##..#.#{#
.##
#...#.#.#
..#
#...#.#.#


You could see Sigmund.

Vanquished Creatures
  2 adders (D:2)
  3 dart slugs (D:1)
  4 ball pythons (D:1)
  2 endoplasms
  A giant cockroach (D:1)
  3 goblins (D:1)
  A hobgoblin (D:1)
  A kobold (D:2)
  2 quokkas
  7 bats (D:1)
  3 frilled lizards (D:1)
29 creatures vanquished.

Notes
Turn   | Place    | Note
-------+----------+-------------------------------------------
     0 | D:1      | Jortsu the Hill Orc Fighter began the quest for the Orb.
     0 | D:1      | Reached XP level 1. HP: 19/19 MP: 1/1
   168 | D:1      | Reached skill level 4 in Fighting
   168 | D:1      | Reached XP level 2. HP: 27/27 MP: 2/2
   324 | D:1      | Reached XP level 3. HP: 20/33 MP: 3/3
   702 | D:1      | Found a faded altar of an unknown god.
  1003 | D:2      | Noticed Sigmund
  1041 | D:2      | HP: 1/34 [something/puff of flame (5)]
  1076 | D:2      | Killed from afar by Sigmund

Illustrated notes

Levels and vault maps discovered:
D:1:      lemuel_arrival_funnel, layout_basic,
          shapermc_ecumenical_altar_pompeii, serial_glass, glass_columns_a,
          glass_columns_b
D:2:      layout_basic, uniq_terence, uniq_sigmund

Skill      XL: |  1  2 |
---------------+-------+-----
Fighting       | 4 |  4.4
Axes           | 3 |  3.5
Armour         | |  3.8
Shields        | |  3.5

Action                   || total
-------------------------++-------
Melee: War axe           ||    82
  Use: Scroll            ||     3
Armor: Scale mail        ||    37
       Chain mail        ||    22
Dodge: Dodged            ||    54
Block: Buckler           ||    30

Table legend: (Time is in decaauts)
 A = Elapsed time spent in this place.
 B = Non-inter-level travel time spent in this place.
 C = Inter-level travel time spent in this place.
 D = Time resting spent in this place.
 E = Time spent auto-exploring this place.
 F = Levels seen in this place.
 G = Mean time per level.
                   A        B        C        D        E       F      G
               +--------+--------+--------+--------+--------+-----+--------+
         Total |   1108 |   1080 |     28 |      0 |    771 |   2 |  554.0 |
       Dungeon |   1108 |   1080 |     28 |      0 |    771 |   2 |  554.0 |
               +--------+--------+--------+--------+--------+-----+--------+

Top non-repeatable levels by time:
     D:1: 895 daAuts
     D:2: 212 daAuts
